 Dungeon Crawl Stone Soup version 0.23.2-1-ga50397a (webtiles) character file.

Game seed: 2830879640324199376

80 schauveau the Cudgeler (level 4, -1/28 HPs)
             Began as a Gargoyle Gladiator on Apr 27, 2019.
             Slain by an orc
             ... wielding a +0 flail
              (6 damage)
             ... on level 3 of the Dungeon.
             The game lasted 00:01:58 (735 turns).

schauveau the Cudgeler (Gargoyle Gladiator)          Turns: 735, Time: 00:01:59

Health: -1/28      AC:  9    Str: 18    XL:     4   Next: 39%
Magic:  4/4        EV: 12    Int:  9    God:
Gold:   9          SH:  0    Dex: 11    Spells: 3/3 levels left

rFire    . . .     SeeInvis .   a - +0 flail
rCold    . . .     Gourm    .   (no shield)
rNeg     + . .     Faith    .   b - +0 leather armour
rPois    ∞         Spirit   .   c - +0 helmet
rElec    +         Reflect  .   (no cloak)
rCorr    .         Harm     .   h - +0 pair of gloves
MR       .....                  (no boots)
Stlth    +.........             (no amulet)
HPRegen  0.09/turn              (no ring)
MPRegen  0.09/turn              (no ring)

@: slowed, very slow
A: negative energy resistance 1, electricity resistance, unbreathing,
petrification resistance, rot immunity, AC +3
a: no special abilities


You were on level 3 of the Dungeon.
You were not hungry.

You visited 1 branch of the dungeon, and saw 3 of its levels.

You collected 9 gold pieces.

Inventory:

Hand Weapons
 a - a +0 flail (weapon)
Missiles
 d - 3 throwing nets (quivered)
 l - 68 stones
 m - 9 poisoned needles
Armour
 b - a +0 leather armour (worn)
 c - a +0 helmet (worn)
 h - a +0 pair of gloves (worn)
Scrolls
 e - 2 scrolls of remove curse {unknown}
 g - a scroll of identify {unknown}
 k - 2 scrolls of magic mapping {unknown}
 n - a scroll of immolation {unknown}
Potions
 j - a potion of magic
Comestibles
 f - 3 rations
 i - 2 chunks of flesh


   Skills:
 + Level 3.1 Fighting
 * Level 4.1 Maces & Flails
 - Level 1.7 Throwing
 + Level 1.9 Armour
 - Level 2.4 Dodging


You had 3 spell levels left.
You didn't know any spells.
Your spell library was empty.

Dungeon Overview and Level Annotations

Branches:
Dungeon (3/15)

Altars:


Innate Abilities, Weirdness & Mutations

You are resistant to torment.
Your stone body is resilient. (AC +3)
You are immune to poison.
You resist negative energy. (rN+)
You are resistant to electric shocks. (rElec)
You can survive without breathing.
You are immune to petrification.
You are immune to rotting.


Message History

The orc wizard hits you but does no damage.
The orc closely misses you.
The orc wizard points at you and mumbles some strange words.
The magic dart hits you.
* * * LOW HITPOINT WARNING * * *
It was a potion of magic.
Magic courses through your body.
The orc wizard gestures at you while chanting.
The magic dart hits you but does no damage.
The orc closely misses you.
The orc wizard hits you but does no damage. x2
The orc hits you with a +0 flail.
* * * LOW HITPOINT WARNING * * *
Okay, then.
You completely miss the orc wizard.
The orc wizard is heavily wounded.
The orc wizard gestures wildly while chanting.
The orc wizard blinks!
The orc closely misses you.
You barely miss the orc. The orc closely misses you.
The orc hits you with a +0 flail.
You die...

..#.#####.#.#
#.#.........#
#.#######..(#
#.### #...# ....#
###..## #.#.#
#....# #
#.#.###.##.#
#.####o#.##...#.#
#....).@o)......#
#.####..........#
# #..........#
#..###...#.# #...
.#.##.# ##.##.#.#
.# ... . .# ...
.[ #.. #


You could see an orc wizard and an orc.

Vanquished Creatures
  2 orc wizards (D:3)
  A worm (D:2)
  A dart slug (D:3)
  An orc (D:3)
  A giant cockroach (D:3)
  5 hobgoblins
  4 kobolds
  2 quokkas (D:3)
  A ball python (D:2)
  2 goblins
  A rat (D:3)
21 creatures vanquished.

Notes
Turn   | Place    | Note
-------+----------+-------------------------------------------
     0 | D:1      | schauveau the Gargoyle Gladiator began the quest for the
                  | Orb.
     0 | D:1      | Reached XP level 1. HP: 12/12 MP: 1/1
   180 | D:2      | Reached XP level 2. HP: 11/18 MP: 2/2
   527 | D:3      | Reached skill level 1 in Armour
   690 | D:3      | Reached XP level 3. HP: 22/22 MP: 3/3
   726 | D:3      | Reached skill level 4 in Maces & Flails
   726 | D:3      | Reached XP level 4. HP: 14/28 MP: 4/4
   735 | D:3      | Slain by an orc

Skill      XL: |  1  2  3 |
---------------+----------+-----
Armour         | 1 |  1.9
Fighting       | 3 |  3.1
Maces & Flails | 4 |  4.1
Throwing       | |  1.7
Dodging        | |  2.4

Action                   |  1- 3 |  4- 6 || total
-------------------------+-------+-------++-------
Melee: Flail             |    82 |     5 ||    87
  Use: Potion            |       |     1 ||     1
Armor: Leather armour    |    40 |     6 ||    46
Dodge: Dodged            |    50 |     6 ||    56
